Map: Ulrena

Players

ILLBdA

  • Race: Protoss Protoss
  • League: Diamond

테란의최고 - Winner!

  • Race: Terran Terran
  • League: Diamond

VOD

Have the link to the VOD?

Description

Time

  • Played on: Dec. 19, 2015, 6:29 a.m.
  • Length: 2:43
Show
View Real Time Build Order
Export as new Build Order

ILLBdA Protoss 

Build Orders: Cannon Rush 

Get SALT Encoding   

  12  0:01  Probe (Chrono Boost)  
  13  0:11  Probe (Chrono Boost)  
  14  0:17  Pylon  
  14  0:22  Probe (Chrono Boost)  
  15  0:36  Probe (Chrono Boost)  
  15  0:39  Forge  
  16  0:54  Probe (Chrono Boost)  
  17  1:03  Pylon  
  17  1:10  Pylon  
  17  1:22  Photon Cannon  
  17  1:31  Photon Cannon  
  18  1:34  Pylon  
  18  1:39  Photon Cannon  
  16  1:53  Probe (Chrono Boost)  
  17  2:02  Gateway  
  17  2:03  Assimilator  
  17  2:04  Probe (Chrono Boost)  
  17  2:05  Photon Cannon  
  17  2:09  Photon Cannon  
  17  2:29  Probe (Chrono Boost)  
  18  2:38  Photon Cannon  
Show
View Real Time Build Order
Export as new Build Order

테란의최고 Terran - Winner!

Build Orders:  

Get SALT Encoding   

  12  0:01  SCV  
  13  0:13  SCV  
  14  0:18  Supply Depot  
  14  0:25  SCV  
  15  0:45  Barracks  
  15  0:52  Barracks  
  15  0:55  SCV  
  16  1:07  SCV  
  17  1:11  Supply Depot  
  17  1:20  SCV  
  18  1:42  Marine x2  
  20  2:09  Marine x2  
  22  2:23  Bunker  
  24  2:42  Bunker  
Tags
 
Matchup
PvT
Replay Pack
me
Add a new tag
Caveats
  • Supply blocks, unpowered buildings, or Contaminate may cause inaccurate times.
  • Supply counts are checked every 10 seconds.